Map: Окраины Ньюкирка РВ (Void)

Players

Dafet

  • Race: Zerg Zerg
  • League: Gold
  • Spawn Location: 5:00

Shipa - Winner!

  • Race: Protoss Protoss
  • League: Platinum
  • Spawn Location: 7:00

VOD

Have the link to the VOD?

Description

Time

  • Played on: April 2, 2017, 10:39 a.m.
  • Length: 6:46
Show
View Real Time Build Order
Export as new Build Order

Dafet Zerg 

Build Orders: Hatch First 

Get SALT Encoding   

  12  0:01  Drone  
  13  0:13  Overlord  
  13  0:20  Drone  
  14  0:32  Drone x2  
  16  0:36  Drone  
  17  0:56  Hatchery  
  16  1:03  Drone x2  
  18  1:16  Spawning Pool  
  17  1:19  Extractor  
  17  1:21  Drone  
  17  1:33  Drone x2  
  19  1:40  Drone  
  20  1:53  Drone  
  21  2:01  Overlord  
  21  2:07  Queen  
  23  2:08  Queen  
  25  2:18  Drone x2  
  25  2:20  Drone  
  28  2:48  Queen  
  30  2:55  Queen  
  32  3:00  Drone x3  
  32  3:01  Overlord, Drone  
  32  3:02  Overlord  
  36  3:33  Pneumatized Carapace  
  36  3:43  Spore Crawler  
  36  3:46  Spore Crawler, Lair  
  36  3:48  Drone x4  
  37  3:50  Overlord  
  39  3:55  Drone x2  
  39  3:56  Drone x2  
  42  4:07  Drone x4  
  42  4:08  Drone x2  
  42  4:09  Hatchery  
  47  4:14  Extractor  
  46  4:28  Extractor  
  45  4:32  Extractor  
  44  4:53  Drone x4  
  48  5:03  Evolution Chamber  
  48  5:05  Evolution Chamber  
  46  5:08  Hydralisk Den  
  46  5:09  Roach Warren  
  46  5:10  Drone  
  46  5:11  Drone x4  
  46  5:12  Overlord x2  
  49  5:18  Queen  
  51  5:24  Drone x3  
  51  5:25  Drone x4  
  58  5:42  Hydralisk x2  
  58  5:43  Hydralisk  
  58  5:46  Zergling x2  
  58  5:47  Zergling x12  
  69  5:56  Roach x2  
  59  6:08  Roach x3  
  33  6:25  Drone x2  
  25  6:27  Drone x4  
Show
View Real Time Build Order
Export as new Build Order

Shipa Protoss - Winner!

Build Orders: 1 Gate Expand 

Get SALT Encoding   

  12  0:01  Probe (Chrono Boost)  
  13  0:11  Probe (Chrono Boost)  
  14  0:19  Pylon  
  14  0:23  Probe (Chrono Boost)  
  15  0:40  Gateway  
  15  0:43  Assimilator  
  15  0:44  Probe (Chrono Boost)  
  16  0:54  Probe (Chrono Boost)  
  17  1:05  Probe (Chrono Boost)  
  18  1:15  Probe (Chrono Boost)  
  19  1:25  Nexus  
  19  1:29  Probe (Chrono Boost)  
  20  1:40  Cybernetics Core  
  20  1:44  Probe (Chrono Boost)  
  21  1:49  Assimilator  
  21  2:00  Forge  
  21  2:07  Pylon  
  21  2:17  Warp Gate  
  21  2:26  Twilight Council  
  22  2:37  Probe (Chrono Boost)  
  22  2:38  Protoss Ground Weapons Level 1  
  22  2:39  Zealot  
  22  2:40  Probe (Chrono Boost)  
  25  2:54  Gateway  
  25  3:02  Pylon  
  25  3:06  Probe (Chrono Boost)  
  25  3:07  Probe (Chrono Boost)  
  25  3:10  Zealot  
  29  3:17  Probe x2 (Chrono Boost)  
  31  3:31  Gateway  
  31  3:32  Charge  
  31  3:35  Gateway  
  31  3:49  Zealot  
  31  3:52  Probe (Chrono Boost)  
  35  3:57  Probe (Chrono Boost)  
  35  4:03  Gateway  
  35  4:09  Pylon  
  35  4:23  Protoss Ground Weapons Level 2  
  35  4:25  Zealot x2  
  35  4:30  Pylon  
  39  4:32  Pylon  
  39  4:34  Zealot  
  41  4:44  Zealot  
  43  4:51  Zealot  
  45  4:56  Zealot  
  45  4:59  Zealot  
  49  5:03  Zealot  
  51  5:11  Zealot  
  51  5:12  Pylon  
  53  5:17  Zealot  
  57  5:28  Probe (Chrono Boost)  
  57  5:30  Probe (Chrono Boost)  
  57  5:37  Pylon  
  57  5:38  Zealot  
  57  5:39  Probe (Chrono Boost)  
  57  5:42  Probe (Chrono Boost)  
  61  6:12  Zealot x4  
  61  6:13  Zealot  
  61  6:33  Zealot x3  
  61  6:34  Zealot x2  
Tags
 
Add a new tag
Caveats
  • Supply blocks, unpowered buildings, or Contaminate may cause inaccurate times.
  • Supply counts are checked every 10 seconds.